 Dungeon Crawl Stone Soup version 0.20.1-1-g8b1a95d (webtiles) character file.

87005 Reinor the Eclecticist (level 15, -8/70 HPs)
             Began as a Spriggan Earth Elementalist on July 9, 2017.
             Was a High Priest of Vehumet.
             Killed from afar by a deep elf elementalist (20 damage)
             ... with a fireball
             ... on level 1 of the Elven Halls.
             The game lasted 01:56:52 (25321 turns).

Reinor the Eclecticist (SpEE)                      Turns: 25321, Time: 01:56:53

Health: -8/70      AC:  7    Str:  4    XL:     15   Next: 42%
Magic:  47/52      EV: 28    Int: 25    God:    Vehumet [*****.]
Gold:   1607       SH:  0    Dex: 18    Spells: 4/49 levels left

rFire    . . .     SeeInvis +   M - staff of power
rCold    . . .     Gourm    .   (shield currently unavailable)
rNeg     . . .     Faith    .   Y - +2 robe {MR+}
rPois    +         Spirit   .   (helmet restricted)
rElec    .         Reflect  .   O - +2 cloak {rPois}
rCorr    .         Harm     .   (gloves unavailable)
MR       +++..                  (boots unavailable)
Stlth    ++++++....             L - amulet of magic regeneration
Regen    0.3/turn               s - +3 ring of intelligence
MPRegen  0.5/turn               N - ring of Okay {Wiz Stlth+}

@: deflect missiles, very quick
A: unfitting armour, see invisible, herbivore 3, speed 3, slow metabolism 2
a: Renounce Religion


You were on level 1 of the Elven Halls.
You worshipped Vehumet.
Vehumet was extremely pleased with you.
You were hungry.

You visited 5 branches of the dungeon, and saw 20 of its levels.
You also visited: Labyrinth, Sewer and Volcano.

You collected 2225 gold pieces.
You spent 618 gold pieces at shops.

Inventory:

Hand Weapons
 U - the +9 sword of Zonguldrok {reap}
   (You found it on level 12 of the Dungeon)

   If a monster killed with it leaves a corpse in good enough shape, the corpse
   will be animated as a zombie friendly to the killer.
Missiles
 b - 163 stones (quivered)
 f - 39 poisoned needles
 I - 5 curare-tipped needles
Armour
 o - a +2 robe of fire resistance
 K - a +2 robe of cold resistance
 O - a +2 cloak of poison resistance (worn)
 Y - a +2 robe of magic resistance (worn)
Magical Staves
 M - an uncursed staff of power (weapon)
 X - an uncursed staff of fire
Jewellery
 q - the ring "Igedunan" {rN+ Slay+2}
   (You found it in a labyrinth)

   [ring of positive energy]

   It affects your accuracy and damage with ranged weapons and melee attacks
   (+2).
   It protects you from negative energy.
 s - a +3 ring of intelligence (left hand)
 A - an uncursed ring of poison resistance
 G - an uncursed ring of protection from cold
 L - an amulet of magic regeneration (around neck)
 N - the ring of Okay (right hand) {Wiz Stlth+}
   (You took it off a deep elf knight on level 10 of the Dungeon)

   [ring of wizardry]

   It improves your spell success rate.
   It makes you more stealthy.
 S - an uncursed ring of protection from fire
Wands
 u - a wand of flame (30/48)
 z - a wand of confusion (39/48)
 H - a wand of disintegration (11/24)
 P - a wand of confusion (11/48)
 Q - a wand of iceblast (11/15)
 T - a wand of digging (14/24)
 V - a wand of disintegration (15/24)
Scrolls
 g - 2 scrolls of identify
 h - 3 scrolls of recharging
 j - 12 scrolls of remove curse
 p - 4 scrolls of fear
 v - 2 scrolls of immolation
 x - 6 scrolls of teleportation
 y - a scroll of magic mapping
 C - 2 scrolls of enchant weapon
 F - a scroll of fog
 J - a scroll of summoning {unknown}
Potions
 c - 2 potions of berserk rage
 e - 3 potions of ambrosia
 i - a potion of invisibility
 k - 7 potions of agility
 l - 5 potions of curing
 m - 2 potions of brilliance
 n - 2 potions of heal wounds
 r - 4 potions of flight
 t - 5 potions of might
 w - 2 potions of resistance
 B - 3 potions of mutation
 D - 3 potions of lignification
 R - a potion of haste
 W - 2 potions of magic
Miscellaneous
 E - a phantom mirror
Comestibles
 a - 23 fruits
 d - 6 bread rations
 Z - 2 royal jellies


   Skills:
 - Level 4.0 Fighting
 + Level 11.5 Dodging
 + Level 11.5 Stealth
 + Level 17.5 Spellcasting
 - Level 5.0 Conjurations
 - Level 10.2 Charms
 - Level 2.0 Necromancy
 - Level 5.0 Translocations
 - Level 6.0 Transmutations
 - Level 2.1 Fire Magic
 - Level 5.1 Air Magic
 + Level 14.0 Earth Magic


You had 4 spell levels left.
You knew the following spells:

 Your Spells              Type           Power        Failure   Level  Hunger
a - Sandblast             Erth           ######       0%          1    None
b - Passwall              Tmut/Erth      ######....   1%          2    None
c - Stone Arrow           Conj/Erth      ######       1%          3    None
d - Petrify               Tmut/Erth      ######..     1%          4    None
e - Regeneration          Chrm/Necr      ######....   1%          3    None
f - Iron Shot             Conj/Erth      ######....   1%          6    ###....
g - Lee's Rapid Deconstr  Erth           #######...   1%          5    None
h - Force Lance           Conj/Tloc      #####...     1%          4    None
i - Deflect Missiles      Chrm/Air       ######....   6%          6    ###....
j - Bolt of Fire          Conj/Fire      #####.....   10%         6    ###....
k - Bolt of Magma         Conj/Fire/Erth ######....   1%          5    None


Dungeon Overview and Level Annotations

Branches:
Dungeon (15/15)            Temple (1/1) D:6             Orc (2/2) D:11
    Elf (1/3) Orc:2        Vaults (0/5) D:13         Depths (1/5) D:15
   Lair: D:8-11

Altars:
Cheibriados
Dithmenos
Elyvilon
Fedhas
Hepliaklqana
Kikubaaqudgha
Makhleb
Nemelex Xobeh
Okawaru
Qazlal
Ru
Uskayaw
Vehumet
Xom
Yredelemnul
Beogh

Shops:
D:4 :   D:7 ==[?   D:8 %   D:10 *   D:12 (   Orc:2 ([*=


Innate Abilities, Weirdness & Mutations

You are very small and have problems with some larger weapons.
You are too small for most types of armour.
You have supernaturally acute eyesight. (SInv)
You are a herbivore.
You cover ground extremely quickly.
You need consume almost no food.


Message History

The deep elf elementalist shouts!
The deep elf elementalist gestures at you while chanting.
The freezing blast misses you.
Casting: Stone Arrow
Confirm with . or Enter, or press ? or * to list all spells.
Aiming: Stone Arrow
Press: ? - help, Shift-Dir - straight line, f/p - deep elf elementalist
Aim: a deep elf elementalist, wielding a long sword (repelling missiles)
The deep elf elementalist repels the stone arrow!
You are engulfed in freezing vapours.
The deep elf elementalist casts a spell at you.
The fireball explodes!
The fireball engulfs you!
Ouch! That really hurt!
* * * LOW HITPOINT WARNING * * *
You hear a sizzling sound! x7
The deep elf elementalist casts a spell at you.
The fireball explodes!
You hear a sizzling sound! x2
The fireball engulfs you!
You die...

#.####..#...#.## #........##.
##.#....##.>.##.####...........
##....##.e#...#..............##.
##.....##E..###...###.........##.
......eEE.E#.#.ยง.####.#######....
.####..E#.###......[...# ####.
##..######.#.####..# #..
##.#..............# #..
###....##..@..#.#.##### #..
#.##...#...#...#.......####.. ..#
#...#.###...#....##....... .>.
.#.##.# ##.#####...(...... #..
.#..# # #...#.....#..(.... ..# ..
.....##......#..#.####.. %. .# ...
##............# #.. ..
..........#..#..### #..
#.####.###...#.## #..


You could see a deep elf elementalist.

Vanquished Creatures
  A bone dragon (D:12)
  Asterion (Elf:1)
  A frost giant (D:13)
  Louise (Elf:1)
  An orc warlord (Orc:2)
  A deep elf annihilator (Elf:1)
  A minotaur (Lab)
  4 hydras
  A catoblepas (D:13)
  A centaur warrior (D:10)
  5 dancing weapons
  2 ogre magi
  3 tengu warriors
  11 two-headed ogres
  An orc high priest (Orc:2)
  A deep elf knight (D:10)
  7 skeletal warriors
  An unseen horror (D:13)
  5 wizards
  A phantasmal warrior (D:13)
  A necromancer (D:15)
  18 deep elf magi
  A wolf spider zombie (D:15)
  7 ugly things
  5 orc knights
  2 cyclopes (D:15)
  5 orc sorcerers
  9 centaur zombies
  3 manticores
  5 toenail golems (Volcano)
  3 naga magi (D:15)
  2 komodo dragons
  A rime drake (shapeshifter) (D:15)
  2 tengu conjurers (D:15)
  3 kobold demonologists
  A yaktaur (D:15)
  A redback zombie (D:12)
  A meliai (shapeshifter) (D:13)
  8 trolls
  Grinder (D:4)
  A hornet (D:7)
  3 slime creatures (D:14)
  A harpy skeleton (D:12)
  2 dream sheep (D:8)
  A snapping turtle (shapeshifter) (D:13)
  A meliai zombie (D:12)
  4 hippogriffs
  A centaur simulacrum (D:15)
  2 shadows
  6 wyverns
  A vampire (D:11)
  16 yaks
  2 wraiths
  3 hungry ghosts
  A basilisk (D:15)
  Edmund (D:5)
  7 wargs
  A soldier ant (D:10)
  2 black bears
  34 orc warriors
  2 sky beasts
  3 phantoms
  6 ice beasts
  An eye of draining (D:12)
  7 centaurs
  15 ogres
  9 big kobolds
  8 bullfrogs
  2 wyvern zombies (D:12)
  An earth elemental (Elf:1)
  4 wyvern skeletons
  6 scorpions
  4 killer bees
  6 howler monkeys
  8 crimson imps
  A quasit (D:9)
  21 centaur skeletons
  5 hounds
  7 jellies
  A gnoll shaman (D:8)
  21 orc priests
  A bullfrog skeleton (D:8)
  5 iguanas
  11 worker ants
  33 orc wizards
  A hound skeleton (D:11)
  A worker ant zombie (D:9)
  11 adders
  10 gnolls
  3 river rats (D:3)
  4 shadow imps
  An ooze (D:2)
  2 adder skeletons (D:9)
  An adder zombie (D:6)
  4 worms (D:3)
  2 dart slugs
  8 leopard geckos
  125 orcs
  10 bats
  3 giant cockroaches
  5 hobgoblins
  8 jackals
  38 kobolds
  6 quokkas
  2 ball pythons
  4 frilled lizards
  9 goblins
  A jackal zombie (D:6)
  A quokka zombie (D:10)
  9 rats
676 creatures vanquished.

Vanquished Creatures (others)
  A wizard (Volcano)
1 creature vanquished.

Grand Total: 677 creatures vanquished

Notes
Turn   | Place    | Note
-------+----------+-------------------------------------------
     0 | D:1      | Reinor the Spriggan Earth Elementalist began the quest for the Orb.
     0 | D:1      | Reached XP level 1. HP: 9/9 MP: 5/5
   238 | D:1      | Reached skill level 3 in Spellcasting
   413 | D:1      | Reached XP level 2. HP: 13/13 MP: 5/7
   460 | D:1      | Learned a level 2 spell: Passwall
   908 | D:2      | Reached XP level 3. HP: 16/16 MP: 7/9
  1896 | D:3      | Reached skill level 4 in Spellcasting
  1899 | D:3      | Reached XP level 4. HP: 21/21 MP: 4/11
  2172 | D:3      | Found a glowing drain.
  2188 | Sewer    | Entered a sewer
  2341 | Sewer    | Noticed a big kobold
  2363 | Sewer    | Killed a big kobold
  2363 | Sewer    | Reached skill level 5 in Dodging
  2363 | Sewer    | Reached XP level 5. HP: 16/24 MP: 3/13
  2540 | Sewer    | Found a glowing silver altar of Zin.
  2888 | D:3      | Found a shadowy altar of Dithmenos.
  2903 | D:3      | Reached skill level 5 in Spellcasting
  3293 | D:3      | Found a basalt altar of Yredelemnul.
  3770 | D:4      | Noticed an ogre
  3786 | D:4      | Killed an ogre
  3786 | D:4      | Reached XP level 6. HP: 28/28 MP: 9/15
  3845 | D:4      | Found Ximiappo's Book Boutique.
  3982 | D:4      | Learned a level 3 spell: Stone Arrow
  3996 | D:4      | Found a sacrificial altar of Ru.
  4001 | D:4      | Noticed Grinder
  4002 | D:4      | Paralysed by Grinder for 3 turns
  4014 | D:4      | Killed Grinder
  4014 | D:4      | Reached skill level 6 in Spellcasting
  4014 | D:4      | Reached XP level 7. HP: 20/32 MP: 8/17
  4262 | D:5      | Entered Level 5 of the Dungeon
  4954 | D:5      | Found a hide-covered altar of Uskayaw.
  4996 | D:5      | Reached skill level 5 in Earth Magic
  5053 | D:5      | Noticed Edmund
  5091 | D:5      | Killed Edmund
  5303 | D:5      | Reached skill level 7 in Spellcasting
  5306 | D:5      | Found a hazy altar of Hepliaklqana.
  5307 | D:5      | Found a shimmering altar of Xom.
  5307 | D:5      | Noticed an unseen horror
  5308 | D:5      | Noticed an unseen horror
  5308 | D:5      | Noticed a spectral ugly thing
  5313 | D:5      | Reached XP level 8. HP: 35/36 MP: 16/19
  5654 | D:6      | Found a white marble altar of Elyvilon.
  5727 | D:6      | Reached skill level 1 in Conjurations
  5786 | D:6      | Found a staircase to the Ecumenical Temple.
  5928 | Temple   | Entered the Ecumenical Temple
  5937 | Temple   | Became a worshipper of Vehumet
  6052 | D:7      | Found a blossoming altar of Fedhas.
  6345 | D:7      | Found Lom Meha's Magic Scroll Shop.
  6349 | D:7      | Bought a scroll of teleportation for 30 gold pieces
  6349 | D:7      | Bought a scroll of fear for 35 gold pieces
  6349 | D:7      | Bought a scroll of fog for 20 gold pieces
  6349 | D:7      | Bought a scroll of remove curse for 30 gold pieces
  6387 | D:7      | Reached skill level 8 in Spellcasting
  6544 | D:7      | Found Qoom's Armour Emporium.
  6563 | D:7      | Noticed a hornet
  6603 | D:7      | Paralysed by a hornet for 1 turns
  6607 | D:7      | Killed a hornet
  6695 | D:7      | Reached XP level 9. HP: 8/39 MP: 22/22
  6974 | D:7      | Reached skill level 5 in Transmutations
  7006 | D:7      | Learned a level 4 spell: Petrify
  7010 | D:7      | Learned a level 3 spell: Regeneration
  7038 | D:7      | Found an ancient bone altar of Kikubaaqudgha.
  7039 | D:7      | Found Hais's Jewellery Shop.
  7346 | D:7      | Found Veicotow's Jewellery Shop.
  7350 | D:7      | Bought a cursed amulet of inaccuracy for 28 gold pieces
  7413 | D:8      | Got a twisted rapier
  7436 | D:8      | Reached * piety under Vehumet
  7436 | D:8      | Offered knowledge of Magic Dart by Vehumet.
  7529 | D:8      | Found Fiuc Hot's Food Emporium.
  7863 | D:8      | Reached skill level 9 in Spellcasting
  7863 | D:8      | Reached skill level 1 in Charms
  8318 | D:8      | Found a stormy altar of Qazlal.
  8608 | D:8      | Noticed a two-headed hydra
  8630 | D:8      | Killed a two-headed hydra
  8630 | D:8      | Reached skill level 10 in Spellcasting
  8630 | D:8      | Reached skill level 5 in Charms
  8630 | D:8      | Reached XP level 10. HP: 44/44 MP: 18/25
  9035 | D:8      | Reached skill level 1 in Necromancy
  9037 | D:8      | Reached ** piety under Vehumet
  9154 | D:8      | Offered knowledge of Throw Flame by Vehumet.
  9532 | D:8      | Learned a level 2 spell: Throw Flame
  9538 | D:8      | Learned a level 5 spell: Lee's Rapid Deconstruction
  9757 | D:9      | Identified the +10 rapier of Bile {venom, Str+4} (You found it on level 8 of the Dungeon)
  9909 | D:9      | Offered knowledge of Dazzling Spray by Vehumet.
  9996 | D:9      | You fall through a shaft!
  9996 | D:10     | Entered Level 10 of the Dungeon
 10167 | D:9      | Reached *** piety under Vehumet
 10172 | D:9      | Reached skill level 1 in Fighting
 10853 | D:9      | Found a roughly hewn altar of Beogh.
 11096 | D:10     | Offered knowledge of Iskenderun's Mystic Blast by Vehumet.
 11100 | D:10     | Reached skill level 11 in Spellcasting
 11432 | D:7      | Bought an uncursed amulet of magic regeneration for 360 gold pieces
 11465 | D:8      | Noticed a five-headed hydra
 11494 | D:8      | Killed a five-headed hydra
 11494 | D:8      | Reached skill level 5 in Stealth
 11646 | D:10     | Reached **** piety under Vehumet
 11677 | D:10     | Offered knowledge of Static Discharge by Vehumet.
 11997 | D:10     | Reached XP level 11. HP: 44/51 MP: 7/27
 12164 | D:10     | Found Figuf's Assorted Antiques.
 12336 | D:10     | Noticed a two-headed ogre
 12336 | D:10     | Noticed a centaur warrior
 12349 | D:10     | Noticed an ogre mage
 12349 | D:10     | Killed a two-headed ogre
 12349 | D:10     | Killed a centaur warrior
 12352 | D:10     | Killed an ogre mage
 12368 | D:10     | Reached skill level 12 in Spellcasting
 12544 | D:10     | Noticed a deep elf knight
 12555 | D:10     | Killed a deep elf knight
 12555 | D:10     | Reached skill level 1 in Fire Magic
 12606 | D:10     | Got a flickering gossamer ring
 12623 | D:10     | Identified the ring of Okay {Wiz Stlth+} (You took it off a deep elf knight on level 10 of the Dungeon)
 12849 | D:11     | Noticed an eight-headed hydra
 12924 | D:11     | Reached ***** piety under Vehumet
 13005 | D:11     | Offered knowledge of Force Lance by Vehumet.
 13011 | D:11     | Learned a level 4 spell: Force Lance
 13023 | D:11     | Found a staircase to the Orcish Mines.
 13110 | D:11     | Killed an eight-headed hydra
 13194 | D:11     | Noticed a two-headed ogre
 13203 | D:11     | Killed a two-headed ogre
 13203 | D:11     | Reached skill level 10 in Earth Magic
 13337 | D:11     | Reached XP level 12. HP: 57/58 MP: 29/29
 13636 | D:12     | Noticed a two-headed ogre
 13655 | D:11     | Killed a two-headed ogre
 14236 | D:12     | Reached skill level 10 in Dodging
 14236 | D:12     | Reached skill level 13 in Spellcasting
 14528 | D:12     | Found Zymmouce's Antique Weapon Shop.
 14780 | D:12     | Offered knowledge of Yara's Violent Unravelling by Vehumet.
 15094 | D:12     | Reached skill level 5 in Conjurations
 15167 | D:12     | Reached skill level 1 in Translocations
 15408 | D:12     | Noticed a bone dragon
 15439 | D:12     | Killed a bone dragon
 15439 | D:12     | Reached XP level 13. HP: 61/61 MP: 12/31
 15757 | D:13     | Reached skill level 14 in Spellcasting
 15773 | D:13     | Learned a level 6 spell: Deflect Missiles
 15798 | D:13     | Reached skill level 10 in Stealth
 15798 | D:13     | Reached skill level 5 in Translocations
 15819 | D:13     | Reached skill level 1 in Air Magic
 16220 | D:13     | Offered knowledge of Bolt of Fire by Vehumet.
 16228 | D:13     | Learned a level 6 spell: Bolt of Fire
 16274 | D:13     | Noticed a frost giant
 16543 | D:13     | Killed a frost giant
 16676 | D:13     | Found a shimmering altar of Xom.
 16677 | D:13     | Found a shadowy altar of Dithmenos.
 16847 | D:13     | Found a gate to the Vaults.
 17710 | D:14     | Found a labyrinth entrance.
 17719 | Lab      | Entered a labyrinth
 18417 | Lab      | Noticed a minotaur
 18423 | Lab      | Killed a minotaur
 18428 | Lab      | Got a coiled wooden ring
 18440 | Lab      | Identified the ring "Igedunan" {rN+ Slay+2} (You found it in a labyrinth)
 18790 | D:14     | Reached skill level 15 in Spellcasting
 19016 | D:14     | Reached XP level 14. HP: 66/66 MP: 34/34
 19138 | D:15     | Entered Level 15 of the Dungeon
 19156 | D:15     | Got a faintly glowing mace
 19157 | D:15     | Identified the +5 mace "Uvusk" {crush, rC- rN+ MP-9 Dex+5} (You found it on level 15 of the Dungeon)
 19611 | D:15     | Reached skill level 10 in Charms
 19763 | D:15     | Reached skill level 5 in Air Magic
 20209 | D:15     | Offered knowledge of Bolt of Magma by Vehumet.
 20212 | D:15     | Found a staircase to the Depths.
 20254 | Depths:1 | Entered Level 1 of the Depths
 20518 | D:15     | Reached skill level 16 in Spellcasting
 21106 | Orc:1    | Entered Level 1 of the Orcish Mines
 21624 | Orc:2    | Entered Level 2 of the Orcish Mines
 21731 | Orc:2    | Found a dark tunnel.
 21751 | Volcano  | Entered a volcano
 22428 | Orc:2    | Found a staircase to the Elven Halls.
 22451 | Elf:1    | Entered Level 1 of the Elven Halls
 23094 | Orc:2    | Noticed an orc warlord
 23128 | Orc:2    | Reached skill level 17 in Spellcasting
 23213 | Orc:2    | Found a roughly hewn altar of Beogh.
 23229 | Orc:2    | Reached XP level 15. HP: 54/70 MP: 31/37
 23262 | Orc:2    | Killed an orc warlord
 23554 | Orc:2    | Found Ynnueset's Antique Armour Shoppe.
 23562 | Orc:2    | Bought a glowing robe for 85 gold pieces
 23583 | Orc:2    | Found Bailil's Antique Weapon Shoppe.
 23611 | Orc:2    | Found Pigychiu's General Store.
 23617 | Orc:2    | Bought a scroll of identify for 30 gold pieces
 23637 | Orc:2    | Found Ijedopot's Jewellery Shoppe.
 24091 | Elf:1    | Reached ****** piety under Vehumet
 24213 | Elf:1    | Identified Vistule's Tome of Attacks and the Entourage
 24226 | Elf:1    | Learned a level 6 spell: Iron Shot
 24232 | Elf:1    | Learned a level 5 spell: Bolt of Magma
 24277 | Elf:1    | Noticed Asterion
 24285 | Elf:1    | Killed Asterion
 24285 | Elf:1    | Offered knowledge of Spellforged Servitor by Vehumet.
 24443 | Elf:1    | Noticed Louise
 24491 | Elf:1    | Killed Louise
 25321 | Elf:1    | Killed from afar by a deep elf elementalist

Skill      XL: |  1  2  3  4  5  6  7  8  9 10 11 12 13 14 15 |
---------------+----------------------------------------------+-----
Spellcasting   | 3 4 5 6 7 8 10 11 12 13 15 17 | 17.5
Earth Magic    | 3 4 5 6 7 8 10 11 12 13 14 | 14.0
Dodging        | 4 5 6 8 9 10 11 | 11.5
Transmutations | 4 6 |  6.0
Conjurations   | 2 3 5 |  5.0
Charms         | 5 6 9 10 | 10.2
Necromancy     | 2 |  2.0
Fighting       | 2 4 |  4.0
Stealth        | 6 8 9 10 11 | 11.5
Fire Magic     | 2 |  2.1
Translocations | 4 5 |  5.0
Air Magic      | 4 5 |  5.1

Action                   |  1- 3 |  4- 6 |  7- 9 | 10-12 | 13-15 || total
-------------------------+-------+-------+-------+-------+-------++-------
Melee: Unarmed           |     1 |       |       |       |       ||     1
       Dagger            |    39 |    65 |   198 |    61 |       ||   363
       Rapier            |       |       |       |   129 |       ||   129
       Staff             |       |       |       |     3 |     4 ||     7
 Cast: Sandblast         |    42 |    81 |   106 |    73 |    49 ||   351
       Passwall          |       |     1 |       |     2 |     5 ||     8
       Stone Arrow       |       |       |    27 |   331 |   611 ||   969
       Lee's Rapid Decon |       |       |       |    23 |   106 ||   129
       Regeneration      |       |       |       |     4 |     8 ||    12
       Petrify           |       |       |       |     2 |     3 ||     5
       Deflect Missiles  |       |       |       |       |     2 ||     2
       Bolt of Magma     |       |       |       |       |     5 ||     5
       Iron Shot         |       |       |       |       |     1 ||     1
Evoke: Wand              |       |       |     1 |       |     1 ||     2
  Use: Scroll            |     3 |     3 |     1 |     7 |    20 ||    34
 Stab: Sleeping          |     1 |     3 |     7 |     6 |       ||    17
       Distracted        |       |       |       |     2 |       ||     2
  Eat: Bread ration      |       |       |     1 |       |       ||     1
       Royal jelly       |       |       |       |     4 |     3 ||     7
       Fruit             |       |       |       |       |     9 ||     9
Armor: Robe              |     3 |     5 |     7 |    29 |    10 ||    54
Dodge: Dodged            |    59 |    98 |   246 |   399 |   160 ||   962
       Deflected         |       |       |       |       |    10 ||    10
